[Event "Titled Tuesday Blitz July 25 Early 2023"]
[White "Vujacic, Igor"]
[Black "Galiot, Goran"]
[WhiteFideId "932620"]
[BlackFideId "931560"]
[WhiteElo "2338"]
[BlackElo "2547"]
[Result "0-1"]
[Round "3"]
[TimeControl "180+2"]
[Date "2023.07.25"]
[WhiteClock "0:00:05"]
[BlackClock "0:00:29"]
[Board "144"]

1. d4 Nf6 2. Bf4 g6 3. Nc3 Bg7 4. e4 d6 5. Qd2 Nc6 6. d5 e5 7. Bh6 Bxh6 8. Qxh6 Nd4 9. O-O-O Ng4 10. Qd2 f5 11. exf5 Bxf5 12. f3 Nf6 13. Bd3 O-O 14. Nge2 Nxe2+ 15. Nxe2 Bxd3 16. Qxd3 Nh5 17. h4 Qf6 18. Kb1 Nf4 19. Nxf4 exf4 20. h5 g5 21. Rde1 Rae8 22. Qb5 Re3 23. Qd7 Qf7 24. Qxf7+ Kxf7 25. Kc1 Rfe8 26. Rxe3 Rxe3 27. Kd2 Kf6 28. c3 h6 29. Re1 Rxe1 30. Kxe1 Ke5 31. c4 Kd4 32. b3 Kc3 33. Kd1 Kb2 34. Kd2 Kxa2 35. Kc3 a5 36. b4 axb4+ 37. Kxb4 Kb2 38. c5 dxc5+ 39. Kxc5 Kc2 40. d6 cxd6+ 41. Kxd6 Kd3 0-1


[Site "https://www.chess.com"]

[Event "Titled Tuesday Blitz July 25 Early 2023"]
[White "Hansch, Karsten"]
[Black "Buscar, Michael"]
[WhiteFideId "24692239"]
[BlackFideId "2603616"]
[WhiteElo "2547"]
[BlackElo "2335"]
[Result "1-0"]
[Round "3"]
[TimeControl "180+2"]
[Date "2023.07.25"]
[WhiteClock "0:00:25"]
[BlackClock "0:00:07"]
[Board "145"]

1. e4 c5 2. Nf3 Nc6 3. Nc3 Nf6 4. Bc4 e6 5. O-O d5 6. Bb5 dxe4 7. Ne5 Bd7 8. Bxc6 Bxc6 9. Nxc6 bxc6 10. Qe2 Qd4 11. Re1 Bd6 12. Nxe4 Nxe4 13. Qxe4 Qd5 14. d3 Rb8 15. b3 Rb4 16. c4 Qxe4 17. Rxe4 O-O 18. Ba3 Rb7 19. d4 Rd8 20. Rd1 Be7 21. Kf1 Rbd7 22. Ke2 Kf8 23. Bb2 cxd4 24. Rexd4 Rxd4 25. Rxd4 Rxd4 26. Bxd4 a6 27. Kd3 g6 28. Ke4 Bd6 29. Be5 Ke7 30. Bxd6+ Kxd6 31. b4 f5+ 32. Kd4 e5+ 33. Kd3 g5 34. f3 h5 35. a4 h4 36. h3 Ke6 37. Kc3 Kd6 38. Kd3 Ke6 39. Ke3 Kd6 40. Kd2 Kc7 41. Kc3 Kb6 42. c5+ Kc7 43. Kc4 Kb7 44. b5 axb5+ 45. axb5 Kc7 46. b6+ Kb7 47. Kb4 Ka6 48. Ka4 Kb7 49. Ka5 Kb8 50. Kb4 Kb7 51. Kc3 Ka6 52. Kd3 Kb7 53. Ke2 Ka6 54. Kf2 Kb7 55. g3 hxg3+ 56. Kxg3 Ka6 57. h4 gxh4+ 58. Kxh4 e4 59. fxe4 fxe4 60. Kg3 e3 61. Kf3 e2 62. Kxe2 Kb7 63. Kd3 Kc8 64. Ke4 Kd8 65. Ke5 Ke7 66. Kf5 Kd7 67. Kf6 Kd8 68. Ke6 Kc8 69. Kd6 Kb7 70. Kd7 1-0


[Site "https://www.chess.com"]

[Event "Titled Tuesday Blitz July 25 Early 2023"]
[White "Zavgorodniy, Sergiy"]
[Black "Prydun, Andriy"]
[WhiteFideId "14110148"]
[BlackFideId "14145898"]
[WhiteElo "2547"]
[BlackElo "2332"]
[Result "1-0"]
[Round "3"]
[TimeControl "180+2"]
[Date "2023.07.25"]
[WhiteClock "0:01:02"]
[BlackClock "0:00:01"]
[Board "146"]

1. e4 c5 2. Nf3 d6 3. c3 Nf6 4. Bc4 Nbd7 5. Qe2 Ne5 6. Nxe5 dxe5 7. d3 Bd7 8. O-O e6 9. Be3 Be7 10. Nd2 O-O 11. a4 Qc7 12. Rfb1 Kh8 13. b4 cxb4 14. cxb4 Ne8 15. Rc1 Qd8 16. b5 Nd6 17. Bb3 Qe8 18. Nc4 Nxc4 19. dxc4 f5 20. f3 Qg6 21. Bc2 Be8 22. c5 Bf6 23. Bd3 Qh5 24. c6 bxc6 25. bxc6 Bg6 26. Ra2 fxe4 27. Bxe4 Qh4 28. Bxg6 hxg6 29. Qc4 Qh5 30. c7 Rac8 31. Rac2 Qf5 32. Qe4 g5 33. Bxa7 g4 34. Qxg4 Bg5 35. Qxf5 exf5 36. Re1 Rf7 37. Bb6 Bf6 38. a5 1-0


[Site "https://www.chess.com"]

[Event "Titled Tuesday Blitz July 25 Early 2023"]
[White "Andreev, Konstantin"]
[Black "Matko, Ognjen"]
[WhiteFideId "24239305"]
[BlackFideId "14509717"]
[WhiteElo "2543"]
[BlackElo "2329"]
[Result "0-1"]
[Round "3"]
[TimeControl "180+2"]
[Date "2023.07.25"]
[WhiteClock "0:00:02"]
[BlackClock "0:00:06"]
[Board "147"]

1. e4 c5 2. Nf3 d6 3. d4 cxd4 4. Nxd4 Nf6 5. Nc3 a6 6. h4 e5 7. Nb3 Be6 8. f4 Qc7 9. f5 Bc4 10. g4 Bxf1 11. Rxf1 h6 12. Be3 Nbd7 13. g5 hxg5 14. hxg5 Rh3 15. gxf6 Rxe3+ 16. Kd2 Rxc3 17. bxc3 gxf6 18. Qh5 Rc8 19. Rf3 d5 20. exd5 Nb6 21. Rg1 Nxd5 22. Rg8 e4 23. Qh8 Qd6 24. Rxf8+ Qxf8 25. Qxf8+ Kxf8 26. Rh3 e3+ 27. Kd1 Nxc3+ 28. Ke1 Re8 29. Nd4 Kg7 30. a3 Re4 31. Nf3 Rg4 32. Rh1 Kf8 33. Kf1 Rg3 34. Ne1 Rg5 35. Rh8+ Kg7 36. Rb8 Rxf5+ 37. Kg1 Rb5 38. Re8 Re5 39. Rd8 Rg5+ 40. Kf1 e2+ 41. Kf2 Rf5+ 42. Ke3 Rf1 43. Kd2 f5 44. Rd4 Kf6 45. Rh4 b5 46. Nd3 Rd1+ 47. Kxc3 e1=Q+ 48. Nxe1 Rxe1 49. Rh6+ Kg5 50. Kd2 Ra1 51. Rh3 f4 52. Ke2 Kg4 53. Rc3 f5 54. Kf2 Rd1 55. Ke2 Rh1 56. Kf2 Rh2+ 57. Kg1 Rd2 58. Kf1 f3 59. Re3 Re2 60. Rd3 Kg3 61. c3 Rc2 62. Rd1 Rxc3 63. Rd2 Rc1+ 64. Rd1 Rxd1# 0-1


[Site "https://www.chess.com"]

[Event "Titled Tuesday Blitz July 25 Early 2023"]
[White "Osinovsky, Stepan"]
[Black "Yurtseven, Melih"]
[WhiteFideId "4157354"]
[BlackFideId "6312160"]
[WhiteElo "2327"]
[BlackElo "2543"]
[Result "0-1"]
[Round "3"]
[TimeControl "180+2"]
[Date "2023.07.25"]
[WhiteClock "0:00:01"]
[BlackClock "0:01:44"]
[Board "148"]

1. Nf3 d5 2. g3 Nc6 3. Bg2 e5 4. O-O e4 5. Ne1 h5 6. d3 exd3 7. exd3 h4 8. Nf3 hxg3 9. Re1+ Be7 10. hxg3 Be6 11. Nc3 Kf8 12. Bf4 Qd7 13. Ne5 Nxe5 14. Rxe5 c6 15. Rh5 Nh6 16. Bxh6 Rxh6 17. Rxh6 gxh6 18. Qh5 Kg7 19. Bf3 Bg5 20. Ne2 Bf5 21. Nf4 Qd6 22. Qh2 Bxf4 23. gxf4 Kh7 24. Kh1 Rg8 25. Rg1 Rxg1+ 26. Kxg1 Qf6 27. b3 a5 28. Qh5 b5 29. a3 b4 30. axb4 axb4 31. Kg2 Be6 32. Qe5 Qxe5 33. fxe5 Kg6 34. d4 Kf5 0-1


[Site "https://www.chess.com"]

[Event "Titled Tuesday Blitz July 25 Early 2023"]
[White "SicilianPanzer"]
[Black "Souleidis, Georgios"]
[BlackFideId "4206827"]
[WhiteElo "2326"]
[BlackElo "2542"]
[Result "0-1"]
[Round "3"]
[TimeControl "180+2"]
[Date "2023.07.25"]
[WhiteClock "0:00:01"]
[BlackClock "0:00:19"]
[Board "149"]

1. e4 c5 2. Nf3 e6 3. b3 a6 4. Bb2 b6 5. Nc3 Bb7 6. Be2 d5 7. exd5 exd5 8. d4 Nf6 9. O-O Be7 10. Re1 O-O 11. Ne5 Nc6 12. Nxc6 Bxc6 13. Bf3 Re8 14. dxc5 bxc5 15. Re5 Nd7 16. Re2 Nb6 17. a4 a5 18. Rd2 Bf6 19. Rb1 Qe7 20. g3 Rad8 21. Kg2 Qe6 22. Re2 Qd6 23. Rxe8+ Rxe8 24. Nb5 Bxb5 25. axb5 Bxb2 26. Rxb2 a4 27. c4 axb3 28. Bxd5 Nxd5 29. Qxd5 Qxd5+ 30. cxd5 c4 31. d6 Rd8 32. Rd2 c3 33. Rd3 c2 34. Rxb3 c1=Q 0-1


[Site "https://www.chess.com"]

[Event "Titled Tuesday Blitz July 25 Early 2023"]
[White "Goffredo_Fofi"]
[Black "Harris, Ian"]
[BlackFideId "2020092"]
[WhiteElo "2541"]
[BlackElo "2316"]
[Result "0-1"]
[Round "3"]
[TimeControl "180+2"]
[Date "2023.07.25"]
[WhiteClock "0:00:06"]
[BlackClock "0:00:10"]
[Board "150"]

1. d4 d5 2. Nf3 Nf6 3. Bf4 c5 4. e3 Nc6 5. Nbd2 Qb6 6. dxc5 Qxc5 7. c4 e6 8. a3 a5 9. cxd5 Nxd5 10. Rc1 Qb6 11. Nc4 Qd8 12. Bg3 Be7 13. e4 Nb6 14. Nd6+ Bxd6 15. Bxd6 Bd7 16. Be2 Nc8 17. Bc5 b6 18. Bd6 Nxd6 19. Qxd6 Rc8 20. Ba6 Qc7 21. Qd2 Rd8 22. Bb5 Qb7 23. Qd6 Nb8 24. Bxd7+ Rxd7 25. Qg3 O-O 26. O-O Rfd8 27. Ng5 h6 28. Nh3 Nc6 29. Nf4 Ne7 30. Nh5 Ng6 31. Rce1 Rd3 32. Qg4 Qe7 33. f4 Qh4 34. Qxh4 Nxh4 35. Re2 Rd2 36. Rff2 Rd1+ 37. Rf1 g6 38. Ng3 g5 39. fxg5 hxg5 40. Rxd1 Rxd1+ 41. Kf2 Ng6 42. Nh5 Kf8 43. g3 Ke7 44. Kg2 Ne5 45. Rf2 g4 46. Re2 Nf3 47. Nf4 Rg1+ 48. Kf2 Rh1 49. Ke3 Rd1 50. Rc2 Re1+ 51. Kf2 Rd1 52. Ne2 Rd7 53. Ke3 Ne5 54. Nf4 Rb7 55. Rd2 b5 56. Nd3 Nf3 57. Rc2 b4 58. axb4 axb4 59. Nc5 Rb5 60. b3 Ne5 61. Nd3 Nxd3 62. Kxd3 Rb7 63. Rc4 Kf6 64. Kd4 Rd7+ 65. Kc5 Ke5 66. Kxb4 Rd2 67. Rc3 Rxh2 68. Kb5 Rb2 69. b4 Kxe4 70. Kc5 f5 71. b5 e5 72. Kc6 f4 73. gxf4 exf4 74. Rc4+ Ke3 75. Rc3+ Kf2 76. Rc4 Kg3 77. b6 f3 78. Rc3 Rxb6+ 79. Kxb6 Kg2 80. Kc5 f2 81. Rc2 g3 82. Kd4 Kg1 83. Rc1+ f1=Q 84. Rxf1+ Kxf1 85. Ke3 g2 86. Kf3 g1=Q 0-1


[Site "https://www.chess.com"]

[Event "Titled Tuesday Blitz July 25 Early 2023"]
[White "kiwibobo"]
[Black "Chor, Kevin"]
[BlackFideId "2090740"]
[WhiteElo "2315"]
[BlackElo "2537"]
[Result "1-0"]
[Round "3"]
[TimeControl "180+2"]
[Date "2023.07.25"]
[WhiteClock "0:00:47"]
[BlackClock "0:00:32"]
[Board "151"]

1. e4 c5 2. Nf3 a6 3. c4 Nc6 4. d4 cxd4 5. Nxd4 e6 6. Nc3 Nf6 7. Nc2 Bc5 8. Be2 O-O 9. O-O Qc7 10. a3 Rd8 11. b4 Bd6 12. f4 e5 13. Nd5 Nxd5 14. exd5 Nd4 15. Nxd4 exd4 16. Qxd4 Be7 17. Qe3 Bf6 18. Rb1 d6 19. Bb2 Bf5 20. Bxf6 gxf6 21. Bd3 Bxd3 22. Qxd3 Rac8 23. Rbc1 Qb6+ 24. Kh1 Re8 25. Rf3 Rc7 26. Rg3+ Kh8 27. Rh3 Kg8 28. Qxh7+ Kf8 29. Qh8+ Ke7 30. Re1+ 1-0


[Site "https://www.chess.com"]

[Event "Titled Tuesday Blitz July 25 Early 2023"]
[White "rionelG"]
[Black "Terletsky, Oleg"]
[BlackFideId "14116774"]
[WhiteElo "2296"]
[BlackElo "2537"]
[Result "0-1"]
[Round "3"]
[TimeControl "180+2"]
[Date "2023.07.25"]
[WhiteClock "0:00:01"]
[BlackClock "0:00:07"]
[Board "152"]

1. e4 e5 2. Nf3 Nc6 3. d4 exd4 4. Nxd4 Nf6 5. Nxc6 bxc6 6. e5 Qe7 7. Qe2 Nd5 8. c4 Ba6 9. Nd2 f6 10. exf6 Nxf6 11. Nf3 O-O-O 12. Qxe7 Bxe7 13. Bd3 Bb4+ 14. Bd2 Rhe8+ 15. Kd1 Bc5 16. Ng5 Ng4 17. Kc2 Nxf2 18. Nf7 Nxd3 19. Kxd3 d5 20. Nxd8 Bxc4+ 21. Kc2 Rxd8 22. Rae1 d4 23. b3 Bd5 24. Kb2 Rd7 25. Re8+ Kb7 26. Rc1 Be7 27. g3 Bf7 28. Rh8 h6 29. Rf1 Bg6 30. Rf4 Bg5 31. Rf2 Bf6 32. g4 d3+ 33. Kc1 Bd4 34. Rf4 c5 35. h4 Re7 36. h5 Be4 37. Rg8 Bc6 38. Kd1 a5 39. a4 Re2 40. Bxa5 Rb2 41. Rf7 Bd5 42. Rxc7+ Ka6 0-1


[Site "https://www.chess.com"]

[Event "Titled Tuesday Blitz July 25 Early 2023"]
[White "Santos Flores, Alberto"]
[Black "Huynh, Lam Binh Nguyen"]
[WhiteFideId "3601234"]
[BlackFideId "12401633"]
[WhiteElo "2537"]
[BlackElo "2300"]
[Result "0-1"]
[Round "3"]
[TimeControl "180+2"]
[Date "2023.07.25"]
[WhiteClock "0:00:16"]
[BlackClock "0:00:49"]
[Board "153"]

1. e4 e6 2. d4 d5 3. Nc3 Bb4 4. e5 b6 5. Qg4 Bf8 6. Nf3 Nc6 7. a3 a5 8. Bb5 Bb7 9. h4 h5 10. Qf4 Ne7 11. Be3 Qd7 12. O-O-O g6 13. Ng5 Nf5 14. Bd3 O-O-O 15. Bxf5 gxf5 16. Qf3 Ba6 17. Nh3 Kb7 18. Nf4 Na7 19. Nxh5 Nb5 20. Nf6 Qc6 21. Nxb5 Qxb5 22. h5 c5 23. h6 c4 24. c3 Qb3 25. Qe2 Qa2 26. Qc2 Bb5 27. h7 Be7 28. Bg5 Ka6 29. Rh5 Ka7 30. Ne4 Bxg5+ 31. Nxg5 Rdf8 32. Rh6 Be8 33. Rdh1 Ka6 34. Rf6 Ba4 35. Qb1 Qb3 36. Nxe6 fxe6 37. Rxf8 Rxf8 38. h8=Q Rxh8 39. Re1 Rh2 40. Rg1 Rxg2 41. Re1 Rxf2 0-1


[Site "https://www.chess.com"]

[Event "Titled Tuesday Blitz July 25 Early 2023"]
[White "AndresDelgado77"]
[Black "Vyatkin, Dmitry"]
[BlackFideId "4171900"]
[WhiteElo "2295"]
[BlackElo "2530"]
[Result "0-1"]
[Round "3"]
[TimeControl "180+2"]
[Date "2023.07.25"]
[WhiteClock "0:00:04"]
[BlackClock "0:00:18"]
[Board "154"]

1. e4 e6 2. d4 d5 3. e5 c5 4. c3 Nc6 5. Nf3 Bd7 6. a3 c4 7. Be3 Na5 8. Nbd2 Bc6 9. h4 Qd7 10. h5 h6 11. Rc1 Ba4 12. Qe2 O-O-O 13. Nh4 Be7 14. f4 Bxh4+ 15. Rxh4 f6 16. g4 fxe5 17. dxe5 b6 18. Nf3 Nb3 19. Rb1 Ne7 20. Qf2 Kb7 21. Be2 Rhf8 22. Kf1 d4 23. Nxd4 Nxd4 24. cxd4 b5 25. Bf3+ Nd5 26. Kg1 Kb8 27. Bxd5 Qxd5 28. Qg2 Qd7 29. Rf1 b4 30. axb4 Bc6 31. Qg3 Qd5 32. f5 Kb7 33. f6 gxf6 34. exf6 Rf7 35. Bxh6 Qxd4+ 36. Qf2 Qe4 37. g5 Qd5 38. g6 Rxf6 39. Qxf6 Qg2# 0-1


[Site "https://www.chess.com"]

[Event "Titled Tuesday Blitz July 25 Early 2023"]
[White "laimis61"]
[Black "Suder, Jakub"]
[BlackFideId "1195310"]
[WhiteElo "2294"]
[BlackElo "2530"]
[Result "0-1"]
[Round "3"]
[TimeControl "180+2"]
[Date "2023.07.25"]
[WhiteClock "0:00:14"]
[BlackClock "0:01:14"]
[Board "155"]

1. e4 c5 2. Nf3 e6 3. d4 cxd4 4. Nxd4 Nc6 5. Nc3 Nf6 6. a3 Bc5 7. Be3 Qb6 8. Na4 Qa5+ 9. b4 Qxa4 10. Bb5 Bxb4+ 11. Kf1 Qa5 12. axb4 Qxb4 13. Rb1 Qe7 14. Bd3 O-O 15. h4 Ne5 16. g3 d6 17. Kg2 b6 18. f4 Neg4 19. Bd2 Bb7 20. Qe2 h5 21. Rhf1 Rac8 22. Kh3 Rc5 23. Bb4 Rd8 24. Bxc5 dxc5 25. Nf3 c4 26. Bxc4 Nxe4 27. Ra1 Qf6 28. Ng5 Qf5 29. Nxe4 Bxe4 30. Bd3 Nf2+ 31. Kh2 Qh3+ 32. Kg1 Qg2# 0-1


[Site "https://www.chess.com"]

[Event "Titled Tuesday Blitz July 25 Early 2023"]
[White "Eynullayev, Atilla"]
[Black "Zaksaite, Salomeja"]
[WhiteFideId "13413570"]
[BlackFideId "12801496"]
[WhiteElo "2527"]
[BlackElo "2288"]
[Result "1-0"]
[Round "3"]
[TimeControl "180+2"]
[Date "2023.07.25"]
[WhiteClock "0:01:39"]
[BlackClock "0:00:03"]
[Board "156"]

1. d4 Nf6 2. c4 g6 3. Nc3 Bg7 4. e4 d6 5. Be2 O-O 6. Be3 c5 7. d5 e6 8. Nf3 exd5 9. cxd5 Re8 10. Nd2 a6 11. a4 Nbd7 12. O-O Ne5 13. h3 Rb8 14. Qc2 b5 15. axb5 axb5 16. Bxb5 Bd7 17. Bxd7 Qxd7 18. f4 Bh6 19. Rae1 Neg4 20. hxg4 Nxg4 21. Nc4 Rb4 22. b3 Qe7 23. e5 Qh4 24. g3 Qxg3+ 25. Qg2 Qxg2+ 26. Kxg2 dxe5 27. Bd2 Rxb3 28. d6 Rb4 29. Nxe5 Nxe5 30. Nd5 1-0


[Site "https://www.chess.com"]

[Event "Titled Tuesday Blitz July 25 Early 2023"]
[White "Guliev, Logman"]
[Black "Senft, Sean"]
[WhiteFideId "13400061"]
[BlackFideId "2044960"]
[WhiteElo "2526"]
[BlackElo "2281"]
[Result "0-1"]
[Round "3"]
[TimeControl "180+2"]
[Date "2023.07.25"]
[WhiteClock "0:00:01"]
[BlackClock "0:00:10"]
[Board "157"]

1. e4 c5 2. Nf3 d6 3. d4 cxd4 4. Nxd4 Nf6 5. Nc3 a6 6. f4 e6 7. Bd3 Nbd7 8. O-O Be7 9. Kh1 Qc7 10. Be3 b5 11. a3 Bb7 12. Qf3 Nc5 13. Rae1 h5 14. Bg1 h4 15. Qh3 O-O-O 16. Nd5 Nxd5 17. exd5 Bxd5 18. f5 Kb8 19. fxe6 fxe6 20. Rf7 e5 21. Rxg7 Rdg8 22. Nf5 Rxg7 23. Nxg7 Rg8 24. Bxc5 Rxg7 25. Bf2 Qc6 26. Bf1 Qxc2 27. Be3 Qxb2 28. Rc1 Rg8 29. Kg1 Bg5 30. Bxg5 Rxg5 31. Qc8+ Ka7 32. Rc7+ Kb6 33. Qb8+ Ka5 0-1


[Site "https://www.chess.com"]

[Event "Titled Tuesday Blitz July 25 Early 2023"]
[White "Araujo Filho, Luiz Antonio Coel"]
[Black "Mortazavi, Ali"]
[WhiteFideId "2130661"]
[BlackFideId "401323"]
[WhiteElo "2275"]
[BlackElo "2516"]
[Result "1-0"]
[Round "3"]
[TimeControl "180+2"]
[Date "2023.07.25"]
[WhiteClock "0:00:07"]
[BlackClock "0:00:54"]
[Board "158"]

1. d4 Nf6 2. Nf3 g6 3. c4 Bg7 4. Nc3 O-O 5. e4 d6 6. Be2 Bg4 7. O-O Nbd7 8. Be3 e5 9. dxe5 a5 10. exf6 Nxf6 11. Nd4 Bd7 12. Rc1 Re8 13. f3 c6 14. Qd2 Qe7 15. Bf4 Rad8 16. Nb3 Bc8 17. Nxa5 Nh5 18. Bg5 Qe5 19. Bxd8 Rxd8 20. Nb3 Nf4 21. g3 Bh6 22. Qd4 Qh5 23. Rcd1 c5 24. Nxc5 Re8 25. Qxd6 Nh3+ 26. Kg2 Bf8 27. Nd5 Bxd6 28. Nf6+ Kf8 29. Nxh5 Bxc5 30. Nf4 Nxf4+ 31. gxf4 Be3 32. Rd3 Bxf4 33. Rfd1 Bc7 34. b4 Be6 35. R3d2 Ra8 36. Rc2 g5 37. c5 h5 38. Bc4 Bc8 39. Bb3 g4 40. Rcd2 Kg7 41. Rf2 gxf3+ 42. Kxf3 Bg4+ 43. Ke3 Bxd1 44. Bxd1 Rd8 45. Rg2+ Kf8 46. Bb3 Be5 47. Rg5 Bd4+ 48. Kf3 h4 49. Rf5 f6 50. Rd5 Rxd5 51. Bxd5 Bc3 52. b5 Bb4 53. c6 bxc6 54. bxc6 Bd6 55. h3 Ke8 56. Kg4 Ke7 57. Kxh4 1-0


[Site "https://www.chess.com"]

[Event "Titled Tuesday Blitz July 25 Early 2023"]
[White "Makkar, Rajat"]
[Black "Balint, Vilmos"]
[WhiteFideId "36016810"]
[BlackFideId "718050"]
[WhiteElo "2516"]
[BlackElo "2269"]
[Result "1-0"]
[Round "3"]
[TimeControl "180+2"]
[Date "2023.07.25"]
[WhiteClock "0:00:49"]
[BlackClock "0:00:41"]
[Board "159"]

1. d4 Nf6 2. c4 e6 3. Nf3 Bb4+ 4. Bd2 c5 5. Bxb4 cxb4 6. a3 bxa3 7. Rxa3 O-O 8. Nc3 d6 9. e4 Qe7 10. Bd3 e5 11. O-O Nbd7 12. b4 b6 13. Re1 Bb7 14. Nd5 Bxd5 15. exd5 Rfe8 16. dxe5 Nxe5 17. Nxe5 dxe5 18. d6 Qb7 19. c5 bxc5 20. bxc5 Qb4 21. Qc1 Rac8 22. Rc3 Red8 23. Bf5 Rc6 24. Rd1 g6 25. Bb1 Ne8 26. Rc4 Qb5 27. Ba2 a5 28. h4 h5 29. Qg5 Rcc8 30. Rb4 Qxb4 31. Qxg6+ Kh8 32. Bxf7 Qf4 33. Qg8# 1-0


[Site "https://www.chess.com"]

[Event "Titled Tuesday Blitz July 25 Early 2023"]
[White "Doluhanova, Evgeniya"]
[Black "Sreyas Payyappat"]
[WhiteFideId "14112035"]
[BlackFideId "46674969"]
[WhiteElo "2267"]
[BlackElo "2514"]
[Result "0-1"]
[Round "3"]
[TimeControl "180+2"]
[Date "2023.07.25"]
[WhiteClock "0:01:38"]
[BlackClock "0:01:44"]
[Board "160"]

1. e4 c6 2. d4 d5 3. Nc3 dxe4 4. Nxe4 Nf6 5. Nxf6+ exf6 6. Nf3 Bd6 7. Bd3 O-O 8. Be3 Bg4 9. h3 Bh5 10. Qe2 Re8 11. g4 Bg6 12. O-O-O Nd7 13. h4 Nb6 14. h5 Bxd3 15. Qxd3 Nd5 16. a3 Qc7 17. Nh4 Bf4 18. Nf5 g6 19. hxg6 hxg6 20. Nh6+ Kg7 21. Rh3 Nxe3 22. fxe3 Bxh6 23. Rdh1 Rh8 24. Kb1 Bg5 0-1


[Site "https://www.chess.com"]

[Event "Titled Tuesday Blitz July 25 Early 2023"]
[White "Xavier_mompel"]
[Black "Jaskolka, Tomasz"]
[BlackFideId "1170791"]
[WhiteElo "2264"]
[BlackElo "2514"]
[Result "0-1"]
[Round "3"]
[TimeControl "180+2"]
[Date "2023.07.25"]
[WhiteClock "0:00:19"]
[BlackClock "0:00:20"]
[Board "161"]

1. e4 d5 2. exd5 Nf6 3. Bb5+ Nbd7 4. c4 a6 5. Ba4 b5 6. cxb5 Nxd5 7. Nf3 e6 8. O-O Bd6 9. Nc3 axb5 10. Bxb5 Nf4 11. d4 Bb7 12. Bxf4 Bxf4 13. d5 Bd6 14. dxe6 fxe6 15. Re1 O-O 16. Nd4 Bxh2+ 17. Kf1 Qh4 18. Qe2 Be5 19. Qd2 Bxd4 20. f3 Bxf3 0-1


[Site "https://www.chess.com"]

[Event "Titled Tuesday Blitz July 25 Early 2023"]
[White "Korelskiy, Egor"]
[Black "Thiel, Thomas"]
[WhiteFideId "34329064"]
[BlackFideId "4615964"]
[WhiteElo "2513"]
[BlackElo "2251"]
[Result "1/2-1/2"]
[Round "3"]
[TimeControl "180+2"]
[Date "2023.07.25"]
[WhiteClock "0:00:02"]
[BlackClock "0:00:22"]
[Board "162"]

1. e4 d5 2. exd5 Nf6 3. d4 Nxd5 4. Nf3 g6 5. c4 Nb6 6. Nc3 Bg7 7. h3 O-O 8. Be3 Nc6 9. Be2 Re8 10. O-O e5 11. d5 Ne7 12. a4 Nf5 13. Bg5 f6 14. Bd2 a5 15. Qb3 Nd7 16. Ne4 Nd6 17. Nc3 Nc5 18. Qc2 Bf5 19. Qd1 b6 20. Be3 Nce4 21. Nxe4 Bxe4 22. Nd2 Bf5 23. c5 bxc5 24. Bxc5 Bf8 25. Rc1 Rb8 26. b3 Qc8 27. Bxd6 Bxd6 28. Nc4 Qa6 29. Nxe5 Qb6 30. Nc6 Rbc8 31. Bb5 Rf8 32. Nd4 Be4 33. Ne6 Rf7 34. Re1 f5 35. Ng5 Re7 36. Nxe4 Rxe4 37. Rxe4 fxe4 38. Qg4 Rf8 39. Qe6+ Kg7 40. Rf1 e3 41. Qxe3 Qxe3 42. fxe3 Rxf1+ 43. Kxf1 Kf6 44. Ke2 Ke5 45. Bc4 Bb4 46. Kd3 h5 47. e4 g5 48. Bb5 h4 49. Be8 Be1 50. Bh5 Bb4 51. Bf3 Be1 52. Kc4 Bb4 53. Kb5 Kd6 54. Kc4 Ke5 55. Kb5 Kd6 56. Kc4 Ke5 1/2-1/2


[Site "https://www.chess.com"]

[Event "Titled Tuesday Blitz July 25 Early 2023"]
[White "Torres Hernandez, Leslie Carolin"]
[Black "Shubenkova, Veronika"]
[WhiteFideId "8400504"]
[BlackFideId "44124040"]
[WhiteElo "2256"]
[BlackElo "2513"]
[Result "1-0"]
[Round "3"]
[TimeControl "180+2"]
[Date "2023.07.25"]
[WhiteClock "0:02:02"]
[BlackClock "0:01:13"]
[Board "163"]

1. e4 e6 2. d4 d5 3. exd5 exd5 4. Nf3 Nf6 5. Bd3 Bd6 6. O-O O-O 7. c3 Nbd7 8. Bg5 Re8 9. Nbd2 Nf8 10. Re1 Rxe1+ 11. Qxe1 Ne6 12. Bh4 Nf4 13. Bf1 Bg4 14. Ne5 Bh5 15. Qe3 Ne6 16. Re1 Bg6 17. Bd3 c5 18. Bxg6 hxg6 19. Nxf7 Qd7 20. Nxd6 Nf8 21. dxc5 Qa4 22. Bxf6 gxf6 23. Qe7 Qc2 24. Qf7+ Kh8 25. Qxf6+ Kh7 26. Nf3 Qxb2 27. Re7+ 1-0


[Site "https://www.chess.com"]

[Event "Titled Tuesday Blitz July 25 Early 2023"]
[White "ATM622"]
[Black "Gardezi, Arsal"]
[BlackFideId "30949521"]
[WhiteElo "2510"]
[BlackElo "2250"]
[Result "1-0"]
[Round "3"]
[TimeControl "180+2"]
[Date "2023.07.25"]
[WhiteClock "0:00:04"]
[BlackClock "0:00:09"]
[Board "164"]

1. d4 Nf6 2. c4 e6 3. g3 c5 4. d5 exd5 5. cxd5 d6 6. Nc3 g6 7. Bg2 Bg7 8. Nf3 O-O 9. O-O Re8 10. Nd2 Bd7 11. Nc4 Qc7 12. a4 b6 13. Bf4 Nh5 14. Bxd6 Qc8 15. Bxb8 Qxb8 16. d6 a6 17. Nd5 b5 18. Ncb6 Ra7 19. axb5 Bxb5 20. d7 Bxd7 21. Nxd7 Rxd7 22. Rxa6 Qxb2 23. Qa4 Rdd8 24. e4 Nf6 25. Qc6 Re6 26. Qc7 Ree8 27. Qxc5 Nxe4 28. Ne7+ Kh8 29. Bxe4 Bf8 30. Ra7 Qf6 31. Nxg6+ hxg6 32. Qc6 Re6 33. Qb7 Bc5 34. Ra2 Rde8 35. Bd3 R6e7 36. Qd5 Re5 37. Qc4 R5e7 38. Qxc5 Re1 39. Rxe1 Rxe1+ 40. Kg2 Qe6 41. Ra4 Qd7 42. Qc3+ Kg8 43. Qxe1 Qxa4 44. Qe3 Qc6+ 45. Be4 Qe6 46. Qf3 f5 47. Bd5 1-0


[Site "https://www.chess.com"]

[Event "Titled Tuesday Blitz July 25 Early 2023"]
[White "Kiseleva, Arina"]
[Black "Kaplan, Avi Harrison"]
[WhiteFideId "4164989"]
[BlackFideId "30934559"]
[WhiteElo "2215"]
[BlackElo "2510"]
[Result "0-1"]
[Round "3"]
[TimeControl "180+2"]
[Date "2023.07.25"]
[WhiteClock "0:00:01"]
[BlackClock "0:00:07"]
[Board "165"]

1. d4 Nf6 2. Nf3 a6 3. e3 b5 4. Bd3 d5 5. a4 b4 6. c4 e6 7. b3 Nbd7 8. Bb2 Bb7 9. Nbd2 dxc4 10. Nxc4 Be7 11. O-O O-O 12. Rc1 Nb6 13. Na5 Bd5 14. Nc6 Qd7 15. Nfe5 Qe8 16. Nxe7+ Qxe7 17. a5 Nc8 18. Qc2 Ra7 19. Nc6 Bxc6 20. Qxc6 Nd6 21. e4 Nde8 22. Rfe1 Qd6 23. Qxd6 cxd6 24. e5 Nd5 25. Rc8 Nec7 26. Rxf8+ Kxf8 27. exd6 Ne8 28. Rc1 Nxd6 29. Rc6 Nb5 30. Bc4 Ndc3 31. Bxc3 bxc3 32. Bxb5 axb5 33. b4 Rd7 34. Rxc3 Rxd4 35. f3 Rxb4 36. Ra3 Rc4 37. a6 Rc8 38. Kf2 Ke7 39. a7 Ra8 40. Ke3 Kd6 41. Kd4 Kc6 42. Ra5 Kb6 43. Ra3 Rxa7 44. Rc3 Rd7+ 45. Ke5 Rd5+ 46. Ke4 b4 47. Rb3 Rf5 48. g4 Rb5 49. Kd4 Kc6 50. Kc4 Rc5+ 51. Kd4 Rb5 52. Kc4 Rc5+ 53. Kd4 e5+ 54. Ke4 f6 55. Rxb4 Kd6 56. h4 Rc1 57. h5 Re1+ 58. Kd3 g6 59. hxg6 hxg6 60. Rb6+ Ke7 61. Ra6 Rd1+ 62. Ke3 Rd6 63. Ra7+ Rd7 64. Ke4 Rxa7 65. Kd5 Ra4 0-1


[Site "https://www.chess.com"]

[Event "Titled Tuesday Blitz July 25 Early 2023"]
[White "NigelDwarf"]
[Black "Smietanska, Wiktoria"]
[BlackFideId "21869359"]
[WhiteElo "2509"]
[BlackElo "2213"]
[Result "1-0"]
[Round "3"]
[TimeControl "180+2"]
[Date "2023.07.25"]
[WhiteClock "0:00:11"]
[BlackClock "0:00:01"]
[Board "166"]

1. Nf3 Nf6 2. c4 g6 3. Nc3 Bg7 4. e4 d6 5. d4 O-O 6. h3 e5 7. d5 Nh5 8. g3 Qe8 9. Be2 f5 10. exf5 gxf5 11. Ng5 Nf6 12. g4 h6 13. Ne6 Bxe6 14. dxe6 Qxe6 15. Nd5 Nxd5 16. cxd5 Qf7 17. g5 hxg5 18. Bxg5 f4 19. Bg4 Qg6 20. Be6+ Kh8 21. Rg1 f3 22. Rg4 Bf6 23. Qxf3 e4 24. Qf4 Bc3+ 25. bxc3 Rxf4 26. Bxf4 Qf6 27. Kd2 Na6 28. Rag1 Nc5 29. Be3 Nxe6 30. dxe6 Qxe6 31. Bd4+ Kh7 32. Rh4+ Qh6+ 33. Rxh6+ Kxh6 34. Ke3 d5 35. Bg7+ Kh7 36. Be5 c5 37. Rg7+ Kh6 38. Rxb7 Rg8 39. Bf4+ Kh5 40. Rxa7 Rg1 41. Rh7+ Kg6 42. Rh6+ Kg7 43. Rd6 Re1+ 44. Kd2 Rf1 45. Be3 d4 46. cxd4 cxd4 47. Bxd4+ Kf7 48. Ke3 Rh1 49. Rf6+ Ke7 50. Kxe4 Rxh3 51. f4 Rh1 52. Rf5 Rd1 53. Re5+ Kd6 54. a4 1-0


[Site "https://www.chess.com"]